 Dungeon Crawl Stone Soup version 0.25.1-2-g60ff931df9 (webtiles) character file.

Game seed: 7821194826837194563

77 Delamore the Cudgeler (level 4, -12/42 HPs)
             Began as a Gargoyle Fighter on Aug 2, 2020.
             Killed by divine providence
             ... invoked by an orc priest
              (14 damage)
             ... on level 3 of the Dungeon.
             The game lasted 00:02:08 (2033 turns).

Delamore the Cudgeler (Gargoyle Fighter)            Turns: 2033, Time: 00:02:09

Health: -12/42     AC: 22    Str: 20    XL:     4   Next: 33%
Magic:  4/4        EV:  2    Int:  9    God:
Gold:   177        SH:  4    Dex:  9    Spells: 3/3 levels left

rFire    . . .     SeeInvis .   a - +0 flail
rCold    . . .     Gourm    .   u - +0 buckler {rPois}
rNeg     + + +     Faith    +   (armour currently unavailable)
rPois    ∞         Spirit   .   (helmet currently unavailable)
rElec    .         Reflect  .   (cloak currently unavailable)
rCorr    .         Harm     .   (gloves currently unavailable)
MR       +....     NoTele   +   (boots currently unavailable)
Stlth    +.........             r - amulet of faith
HPRegen  0.14/turn              t - ring of flight
MPRegen  0.09/turn              (no ring)

@: tree-form, berserk cooldown, slowed, very slow
A: magic resistance 1, mutation resistance 1, negative energy resistance 1,
petrification resistance, rot immunity, AC +3
a: no special abilities


You were on level 3 of the Dungeon.
You were not hungry.
You were a tree.
You visited 1 branch of the dungeon, and saw 3 of its levels.

You collected 177 gold pieces.

Inventory:

Hand Weapons
 a - a +0 flail (weapon)
Missiles
 l - 33 poisoned darts
 x - 2 curare-tipped darts (quivered)
Armour
 b - a +0 scale mail (melded)
 c - a +0 kite shield
 j - a +0 pair of gloves (melded)
 k - a +0 pair of boots (melded)
 u - a +0 buckler of poison resistance (worn)
 v - a +0 cloak (melded)
Jewellery
 g - an uncursed amulet of the acrobat {unknown}
 h - an uncursed amulet of magic regeneration
 r - an amulet of faith (around neck)
 t - a ring of flight (left branch)
 y - an uncursed ring of stealth {unknown}
Scrolls
 e - 2 scrolls of teleportation {unknown}
 i - a scroll of remove curse {unknown}
 m - a scroll of fear {unknown}
 n - a scroll of fog {unknown}
 o - 2 scrolls of identify {unknown}
 s - a scroll of noise {unknown}
Potions
 d - a potion of might
Comestibles
 f - 4 rations
 w - 2 chunks of flesh


   Skills:
 - Level 3.2 Fighting
 + Level 4.4 Maces & Flails
 - Level 3.2 Armour
 - Level 3.2 Shields


You had 3 spell levels left.
You didn't know any spells.
Your spell library contained the following spells:

 Spells                   Type           Power        Failure   Level  Hunger
 Magic Dart               Conj           #...         41%         1    ##.....
 Blink                    Tloc           N/A          54%         2    ###....
 Call Imp                 Summ           #.......     54%         2    ###....
 Slow                     Hex            #.......     54%         2    ###....
 Conjure Flame            Conj/Fire      #.......     78%         3    ####...
 Mephitic Cloud           Conj/Pois/Air  #.......     78%         3    ####...


Dungeon Overview and Level Annotations

Branches:
Dungeon (3/15)

Altars:
Sif Muna
Uskayaw


Innate Abilities, Weirdness & Mutations

You are resistant to torment.
((Your stone body is resilient. (AC +3)))
You are immune to poison.
You resist negative energy. (rN+)
((You are resistant to electric shocks. (rElec)))
((You can survive without breathing.))
You are immune to petrification.
You are immune to rotting.
You are resistant to hostile enchantments. (MR+)
You are somewhat resistant to further mutation.


Message History

Press: ? - help, Shift-Dir - straight line, f/p - orc priest
Aim: an orc priest, wielding a +0 trident and wearing a +0 chain mail (severely wounded, very poisoned, slow)
You throw a curare-tipped dart.
The curare-tipped dart barely misses the orc priest.
The orc priest hits you from afar with a +0 trident.
* * * LOW HITPOINT WARNING * * *
Throwing (i - inventory. (/) - cycle)
x - 4 curare-tipped darts (quivered)
Press: ? - help, Shift-Dir - straight line, f/p - orc priest
Aim: an orc priest, wielding a +0 trident and wearing a +0 chain mail (severely wounded, very poisoned, slow)
You throw a curare-tipped dart.
The curare-tipped dart barely misses the orc priest.
The orc priest casts a cantrip, but nothing happens.
Throwing (i - inventory. (/) - cycle)
x - 3 curare-tipped darts (quivered)
Press: ? - help, Shift-Dir - straight line, f/p - orc priest
Aim: an orc priest, wielding a +0 trident and wearing a +0 chain mail (almost dead, poisoned, slow)
You throw a curare-tipped dart.
The curare-tipped dart closely misses the orc priest.
The orc priest mumbles some strange prayers to Beogh against you.
Beogh smites you!
You die...

#...........###.# ..
#...............#
...#..............#
...#..............#
.##................## .
.....................#..
............((..........
...........#.###.......#
...........#.# #♣†......
...........#.# #).....##
...........#.# #o.......
...........#..#.........
..................#.....
..........###.....#.....
##....#.### .#..#.....
#......## .##(.. #.##
##......##


You could see an orc priest (poisoned, slow).

Vanquished Creatures
  2 adders
  An ooze (D:2)
  A worm (D:2)
  A dart slug (D:2)
  2 leopard geckos (D:2)
  2 orcs (D:3)
  A giant cockroach (D:2)
  3 hobgoblins (D:2)
  6 jackals
  7 kobolds
  A quokka (D:2)
  A ball python (D:1)
  2 bats (D:2)
  4 frilled lizards
  5 goblins
  6 rats
45 creatures vanquished.

Notes
Turn   | Place    | Note
-------+----------+-------------------------------------------
     0 | D:1      | Delamore the Gargoyle Fighter began the quest for the Orb.
     0 | D:1      | Reached XP level 1. HP: 14/14 MP: 1/1
   457 | D:1      | Reached XP level 2. HP: 15/19 MP: 2/2
   906 | D:1      | Reached skill level 3 in Maces & Flails
  1162 | D:2      | Reached XP level 3. HP: 12/23 MP: 3/3
  1457 | D:2      | Found a hide-covered altar of Uskayaw.
  1528 | D:2      | Reached skill level 4 in Maces & Flails
  1676 | D:2      | Reached XP level 4. HP: 27/28 MP: 4/4
  1764 | D:2      | Found a shimmering blue altar of Sif Muna.
  2020 | D:3      | HP: 1/28 [orc priest/divine providence (16)]
  2028 | D:3      | Gained mutation: You are resistant to hostile enchantments.
                  | (MR+) [potion of mutation]
  2028 | D:3      | Gained mutation: You are somewhat resistant to further
                  | mutation. [potion of mutation]
  2031 | D:3      | HP: 2/42 [orc priest/+0 trident (2)]
  2033 | D:3      | Killed from afar by an orc priest

Illustrated notes

Levels and vault maps discovered:
D:1:      lightli_iron_boxes, layout_loops_corners
D:2:      layout_basic, overflow_temple_1_default, led_sif_pool
D:3:      layout_rooms, first_ration, bh_walls_and_bars

Skill      XL: |  1  2  3 |
---------------+----------+-----
Maces & Flails | 3 4 |  4.4
Fighting       | |  3.2
Armour         | |  3.2
Shields        | |  3.2

Action                   |  1- 3 |  4- 6 || total
-------------------------+-------+-------++-------
Melee: Flail             |   167 |    34 ||   201
Throw: Dart              |       |     5 ||     5
  Use: Potion            |       |     3 ||     3
  Eat: Chunk             |     3 |     1 ||     4
Armor: Scale mail        |   114 |    16 ||   130
       Skin              |       |     7 ||     7
Dodge: Dodged            |    70 |    23 ||    93
Block: Kite shield       |   135 |     3 ||   138
       Buckler           |       |     7 ||     7
